 Dungeon Crawl Stone Soup version 0.30.1-3-gfc49f6343a (webtiles) character file.

Game seed: 659032489040887379

55384 safid the Gelid (level 14, -6/118 HPs)
             Began as a Merfolk Ice Elementalist on July 19, 2023.
             Was a High Priest of Vehumet.
             Killed by divine providence
             ... invoked by an orc high priest
              (11 damage)
             ... on level 2 of the Orcish Mines on July 20, 2023.
             The game lasted 00:59:02 (22900 turns).

safid the Gelid (Merfolk Ice Elementalist)         Turns: 22900, Time: 00:59:02

Health: -6/118     AC: 10    Str: 10    XL:     14   Next: 77%
Magic:  17/28      EV: 21    Int: 18    God:    Vehumet [*****.]
Gold:   3035       SH:  0    Dex: 22    Spells: 10/33 levels left

rFire   . . .        A - +2 dagger (elec)
rCold   + + .        (no shield)
rNeg    . . .        w - +1 robe {rC+}
rPois   .            I - +2 helmet
rElec   +            r - +0 cloak
rCorr   .            y - +1 pair of gloves
SInv    .            D - +0 pair of boots
Will    +....        e - amulet of Myjyu {*Slow rElec rC+ Regen+ Str+2}
Stlth   ++           a - +6 ring of dexterity
HPRegen 1.19/turn    (no ring)
MPRegen 0.21/turn

%: slow self (1%)
@: radiating poison
A: (nimble swimmer 2), mertail
a: Renounce Religion


You were on level 2 of the Orcish Mines.
You worshipped Vehumet.
Vehumet was extremely pleased with you.
You visited 4 branches of the dungeon, and saw 19 of its levels.
You also visited: Sewer.

You collected 3035 gold pieces.

Inventory:

Hand Weapons
 i - a +1 spear of venom
 A - a +2 dagger of electrocution (weapon)
Missiles
 u - 4 curare-tipped darts
Armour
 r - a +0 cloak (worn)
 w - a +1 robe of cold resistance (worn)
 y - a +1 pair of gloves (worn)
 D - a +0 pair of boots (worn)
 I - a +2 helmet (worn)
Magical Staves
 f - a staff of cold
Jewellery
 a - a +6 ring of dexterity (left hand)
 e - the amulet of Myjyu (around neck) {*Slow rElec rC+ Regen+ Str+2}
   (You acquired it on level 5 of the Dungeon)

   [amulet of regeneration]

   Str:       It affects your strength (+2).
   rC:        It protects you from cold.
   rElec:     It insulates you from electricity.
   Regen:     It increases your rate of health regeneration.
   *Slow:     It may slow you when you take damage.
Wands
 d - a wand of roots (16)
 o - a wand of paralysis (15)
 q - a wand of mindburst (19)
Scrolls
 c - 2 scrolls of magic mapping
 j - 4 scrolls of fog
 k - 8 scrolls of teleportation
 l - 2 scrolls of silence
 p - 2 scrolls of butterflies
 t - 2 scrolls of fear
 x - 3 scrolls of blinking
 B - a scroll of amnesia
 G - a scroll of brand weapon
Potions
 b - 3 potions of magic
 g - 5 potions of lignification
 h - 2 potions of mutation
 m - a potion of heal wounds
 n - 5 potions of ambrosia
 s - a potion of resistance
 v - 3 potions of invisibility
 z - 13 potions of curing
 E - a potion of cancellation
 F - 2 potions of brilliance
 H - a potion of might


   Skills:
 + Level 13.1 Fighting
 - Level 12.0 Dodging
 - Level 2.1 Stealth
 - Level 10.0 Spellcasting
 - Level 2.0 Conjurations
 + Level 8.9 Transmutations
 - Level 4.0 Fire Magic
 + Level 15.7 Ice Magic
 + Level 8.1 Poison Magic


You had 10 spell levels left.
You knew the following spells:

 Your Spells              Type           Power      Damage    Failure   Level
a - Freeze                Ice            100%       1d10      0%          1
b - Frozen Ramparts       Ice            100%       1d16      1%          3
c - Ozocubu's Armour      Ice            60%        N/A       1%          3
d - Hailstorm             Conj/Ice       40%        3d10      1%          3
e - Olgreb's Toxic Radia  Pois           38%        N/A       1%          4
f - Ignite Poison         Fire/Tmut/Pois 34%        N/A       1%          3
g - Statue Form           Tmut/Erth      16%        N/A       89%         6

Your spell library contained the following spells:

 Spells                   Type           Power      Damage    Failure   Level
 Starburst                Conj/Fire      9%         6d5       63%         6
 Sting                    Tmut/Pois      100%       1d8       1%          1
 Poisonous Vapours        Pois/Air       46%        N/A       1%          2
 Wereblood                Tmut           41%        N/A       1%          2
 Ice Form                 Ice/Tmut       52%        N/A       1%          4
 Static Discharge         Conj/Air       24%        2-3/arc   2%          2
 Volatile Blastmotes      Fire/Tloc      32%        2d12      3%          3
 Summon Ice Beast         Ice/Summ       37%        N/A       3%          4
 Cigotuvi's Dreadful Rot  Necr/Pois/Air  36%        N/A       4%          2
 Freezing Cloud           Conj/Ice/Air   15%        6-21      5%          5
 Metabolic Englaciation   Hex/Ice        18%        N/A       9%          5
 Lesser Beckoning         Tloc           18%        N/A       12%         2
 Sublimation of Blood     Necr           9%         N/A       12%         2
 Fulminant Prism          Conj/Hex       6%         3d7       13%         4
 Iskenderun's Mystic Bla  Conj/Tloc      12%        2d5       13%         4
 Petrify                  Tmut/Erth      25%        N/A       13%         4
 Airstrike                Air            4%         2d(1-17)  21%         4
 Gell's Gravitas          Tloc           9%         N/A       24%         3
 Teleport Other           Tloc           9%         N/A       24%         3
 Vhi's Electric Charge    Tloc/Air       18%        N/A       24%         3
 Arcjolt                  Conj/Air       6%         1d16      34%         5
 Simulacrum               Ice/Necr       18%        N/A       43%         6
 Lee's Rapid Deconstruct  Erth           4%         3d5*      45%         5
 Animate Dead             Necr           9%         N/A       61%         4
 Dispel Undead            Necr           9%         3d8       61%         4
 Summon Lightning Spire   Summ/Air       9%         N/A       61%         4
 Borgnjor's Vile Clutch   Necr/Erth      4%         N/A       91%         5
 Death Channel            Necr           4%         N/A       100%        6
 Summon Hydra             Summ           4%         N/A       100%        7
 Maxwell's Capacitive Co  Air            4%         ∞         100%        8


Dungeon Overview and Level Annotations

Branches:
Dungeon (11/15)            Temple (1/1) D:6            Lair (5/5) D:11
  Swamp (0/4) Lair:2        Snake (0/4) Lair:3        Slime (0/5) Lair:4
    Orc (2/2) D:10            Elf (0/3) Orc:2         Sewer (visited)

Altars:
Ashenzari
Cheibriados
Dithmenos
Elyvilon
Fedhas
Gozag
Hepliaklqana
Kikubaaqudgha
Makhleb
Nemelex Xobeh
Okawaru
Qazlal
Ru
Sif Muna
Trog
Uskayaw
Vehumet
Wu Jian
Xom
Yredelemnul
Zin
The Shining One

Annotations:
D:4 3 runed translucent doors, turdburglar's ghost, amateur TrTm
D:9 3 runed translucent doors, exclusion: orange crystal statue, nroviw's ghost, novice MiFi


Innate Abilities, Weirdness & Mutations

((You are very nimble when in or above water. (Stealth+, EV+, Speed+++)))
Your lower body shifts to a powerful aquatic tail in water.


Message History

An orc comes into view. It is wielding a +0 trident.
You hear a shout!
Unknown command.
Casting: Olgreb's Toxic Radiance (mildly dangerous; 1% risk of failure)
Confirm with . or Enter, or press ? or * to list all spells.
You ignite the poison in your surroundings!
The orc knight seems to burn from within!!
You kill the orc knight!
Vehumet accepts your kill.
You feel your power returning.
The orc wizard seems to burn from within!!!
You kill the orc wizard!
Vehumet accepts your kill.
You feel your power returning.
The orc high priest seems to burn from within!!
The orc high priest is almost dead.
The orc high priest seems to burn from within!!!
You kill the orc high priest!
Vehumet accepts your kill.
You feel your power returning.
The red devil disappears in a puff of smoke!
The orc knight seems to burn from within!!!
The orc knight is almost dead.
The orc warrior seems to burn from within!
The orc warrior is severely wounded.
The orc warrior seems to burn from within!!
You kill the orc warrior!
Vehumet accepts your kill.
You feel your power returning.
The orc is poisoned.
The orc warrior is poisoned.
The orc knight is poisoned.
The orc high priest is poisoned.
The orc is poisoned.
You hear a shout! x2
The orc high priest prays to Beogh.
An orc sorcerer comes into view.
It is wielding a +0 dagger and wearing a +2 robe of willpower.
The orc high priest looks as sick as possible!
The orc knight looks even sicker.
The orc sorcerer is poisoned.
The orc no longer looks unusually strong.
The orc high priest calls down the wrath of Beogh upon you.
Beogh smites you!
You die...

.#.....
##.#..)oo
##.....)))
##....)oo).
#....)))o).
###....)).)).
####....)))o))o.
####.#.....@)#
##.....#....).#
#.............#
##............#
##.....##....#
##....#.###...#
#...)#...###..#
##.......##...#
##>..##.####..#


You could see an orc knight (very poisoned), 2 orc high priests, an orc sorcerer
(strong, poisoned), an orc warrior (strong, poisoned) and 2 orcs.

Vanquished Creatures
  An orc warlord (Orc:2)
  A quicksilver ooze (Lair:5)
  Fannar (Lair:1)
  3 hydras
  A catoblepas (Lair:5)
  A two-headed ogre (D:11)
  2 orc high priests (Orc:2)
  2 skysharks
  3 lindwurms
  2 bog bodies (Lair:2)
  3 orc knights
  2 orc sorcerers (Orc:2)
  A molten gargoyle (Lair:3)
  4 torpor snails
  Joseph (D:8)
  7 centaur zombies (D:11)
  8 elephants (Lair:5)
  14 cane toads
  8 black mambas
  An unseen horror (D:10)
  2 rime drakes (Lair:3)
  13 komodo dragons
  3 trolls
  A queen bee (Lair:2)
  3 polar bears
  2 hornets
  6 dream sheep (Lair:5)
  11 blink frogs
  3 meliai zombies (D:11)
  3 slime creatures (Lair:5)
  A shadow (D:7)
  5 spriggans (Lair:1)
  Sigmund (D:4)
  2 wraiths
  3 wyverns
  A steam dragon (D:8)
  35 yaks
  Grum (Lair:1)
  7 basilisks
  3 vampire mosquitoes (D:11)
  3 wargs
  3 nagas (Lair:3)
  2 acid dragons (D:11)
  14 water moccasins
  4 black bears
  23 orc warriors
  2 sky beasts (D:7)
  An ice beast (D:7)
  3 ogres
  2 centaurs
  5 wolves (Lair:1)
  A phantom (D:5)
  10 kobold brigands
  12 bullfrogs
  A gnoll sergeant (D:11)
  2 scorpions
  A cane toad simulacrum (Lair:5)
  8 wights
  29 killer bees
  An electric eel (Lair:5)
  4 howler monkeys
  A gnoll bouda (D:6)
  5 hounds
  16 orc priests
  7 jellies
  2 sleepcaps (D:6)
  4 iguanas
  Ijyb (D:4)
  Natasha (thrice) (D:4)
  24 orc wizards
  2 howler monkey zombies (D:11)
  7 gnolls
  15 adders
  2 river rats (Sewer)
  A white imp (D:8)
  3 worms
  2 dart slugs
  62 orcs
  7 endoplasms
  4 giant cockroaches
  6 goblins
  9 hobgoblins
  2 jackals (D:2)
  4 quokkas
  15 ball pythons
  3 bats
  4 frilled lizards
  36 kobolds
  7 rats
557 creatures vanquished.

Vanquished Creatures (others)
  A fire vortex (Lair:3)
1 creature vanquished.

Grand Total: 558 creatures vanquished

Notes
Turn   | Place    | Note
-------+----------+-------------------------------------------
     0 | D:1      | safid the Merfolk Ice Elementalist began the quest for the
                  | Orb.
     0 | D:1      | Reached XP level 1. HP: 13/13 MP: 3/3
   212 | D:1      | Reached XP level 2. HP: 20/20 MP: 1/5
   269 | D:1      | Reached skill level 1 in Fighting
   869 | D:1      | Reached XP level 3. HP: 25/26 MP: 4/6
  1542 | D:2      | Reached skill level 5 in Ice Magic
  1542 | D:2      | Reached XP level 4. HP: 33/33 MP: 3/8
  1914 | D:2      | Found a shimmering blue altar of Sif Muna.
  2254 | D:3      | Learned a level 3 spell: Frozen Ramparts
  2258 | D:3      | Learned a level 3 spell: Ozocubu's Armour
  3054 | D:3      | Reached XP level 5. HP: 41/41 MP: 4/10
  3533 | D:4      | Reached XP level 6. HP: 29/47 MP: 4/11
  3601 | D:4      | Noticed Sigmund
  3892 | D:4      | Killed Sigmund
  3893 | D:4      | Reached skill level 6 in Ice Magic
  4134 | D:4      | Reached XP level 7. HP: 49/54 MP: 6/13
  4224 | D:4      | Noticed Natasha
  4235 | D:4      | Killed Natasha
  4294 | D:4      | Found a runed translucent gate.
  4294 | D:4      | Found a runed translucent gate.
  4294 | D:4      | Found a runed translucent gate.
  4421 | D:4      | Noticed Natasha
  4426 | D:4      | Killed Natasha
  4534 | D:4      | Found a sacrificial altar of Ru.
  4662 | D:4      | Noticed Natasha
  4671 | D:4      | Killed Natasha
  4788 | D:4      | Noticed turdburglar's ghost (amateur TrTm)
  4817 | D:4      | Noticed Ijyb
  4829 | D:4      | Killed Ijyb
  5006 | D:5      | Entered Level 5 of the Dungeon
  5016 | D:5      | Reached skill level 5 in Fighting
  5209 | D:5      | Found a glowing drain.
  5235 | D:5      | Reached skill level 7 in Ice Magic
  5259 | D:5      | Reached skill level 5 in Spellcasting
  5259 | D:5      | Reached XP level 8. HP: 39/63 MP: 6/15
  5282 | Sewer    | Entered a sewer
  6907 | D:5      | Reached skill level 8 in Ice Magic
  7419 | D:5      | Reached XP level 9. HP: 57/71 MP: 11/18
  7856 | D:5      | Identified 3 scrolls of acquirement
  7868 | D:5      | Acquired 650 gold pieces
  7871 | D:5      | Acquired the amulet of Myjyu {*Slow rElec rC+ Regen+ Str+2}
  7878 | D:5      | Acquired 890 gold pieces
  8087 | D:6      | Found a staircase to the Ecumenical Temple.
  8096 | Temple   | Entered the Ecumenical Temple
  8244 | Temple   | Became a worshipper of Vehumet
  8423 | D:6      | Learned a level 3 spell: Hailstorm
  8560 | D:6      | Found a burning altar of Makhleb.
  9179 | D:7      | Reached skill level 9 in Ice Magic
  9751 | D:7      | Reached * piety under Vehumet
  9751 | D:7      | Offered knowledge of Magic Dart by Vehumet.
  9797 | D:7      | Noticed a hornet
  9808 | D:7      | Killed a hornet
  9809 | D:7      | Reached XP level 10. HP: 56/82 MP: 11/21
  9960 | D:7      | Reached skill level 10 in Ice Magic
 10315 | D:8      | Found a snail-covered altar of Cheibriados.
 10442 | D:8      | Noticed Joseph
 10453 | D:8      | Killed Joseph
 10744 | D:8      | Found a glowing silver altar of Zin.
 11230 | D:9      | Noticed an orange crystal statue
 11277 | D:9      | Reached ** piety under Vehumet
 11277 | D:9      | Offered knowledge of Foxfire by Vehumet.
 11343 | D:9      | Found a sparkling altar of Nemelex Xobeh.
 11343 | D:9      | Found a white marble altar of Elyvilon.
 11644 | D:9      | Reached skill level 5 in Dodging
 11690 | D:9      | Found a runed translucent gate.
 11691 | D:9      | Found a runed translucent gate.
 11691 | D:9      | Noticed a spectral centaur warrior
 11692 | D:9      | Found a runed translucent gate.
 11725 | D:9      | Noticed nroviw's ghost (novice MiFi)
 12093 | D:10     | Entered Level 10 of the Dungeon
 12197 | D:10     | Offered knowledge of Searing Ray by Vehumet.
 12298 | D:10     | Killed an unseen horror
 12356 | D:10     | Noticed a gargoyle
 12540 | D:10     | Found a staircase to the Orcish Mines.
 12613 | D:10     | Reached XP level 11. HP: 82/90 MP: 17/23
 12627 | D:10     | Reached skill level 10 in Fighting
 12680 | D:10     | Reached skill level 11 in Ice Magic
 12964 | D:11     | Found a basalt altar of Yredelemnul.
 13132 | D:11     | Reached *** piety under Vehumet
 13476 | D:11     | Found a staircase to the Lair.
 13718 | D:11     | Offered knowledge of Airstrike by Vehumet.
 13739 | D:11     | Noticed a two-headed ogre
 13745 | D:11     | Killed a two-headed ogre
 13830 | D:11     | Reached skill level 12 in Ice Magic
 14310 | Lair:1   | Entered Level 1 of the Lair of Beasts
 14553 | Lair:1   | Reached XP level 12. HP: 74/100 MP: 15/25
 14752 | Lair:1   | Noticed Fannar
 14761 | Lair:1   | Reached **** piety under Vehumet
 14840 | Lair:1   | Killed Fannar
 14841 | Lair:1   | Reached skill level 10 in Spellcasting
 15277 | Lair:1   | Offered knowledge of Olgreb's Toxic Radiance by Vehumet.
 15299 | Lair:1   | Identified the +6 ring mail of the Feeding Gods {Int+3}
 15387 | Lair:1   | Reached skill level 10 in Dodging
 15793 | Lair:1   | Noticed Grum
 15800 | Lair:1   | Killed Grum
 15821 | Lair:1   | Reached skill level 13 in Ice Magic
 15852 | Lair:1   | Learned a level 4 spell: Olgreb's Toxic Radiance
 15874 | Lair:2   | Found a staircase to the Swamp.
 16344 | Lair:2   | Learned a level 3 spell: Ignite Poison
 16550 | Lair:2   | Reached skill level 1 in Transmutations
 16714 | Lair:2   | Reached skill level 1 in Poison Magic
 16766 | Lair:2   | Reached XP level 13. HP: 108/108 MP: 24/27
 16888 | Lair:2   | Reached skill level 1 in Conjurations
 17278 | Lair:3   | Reached skill level 1 in Fire Magic
 17798 | Lair:3   | Reached ***** piety under Vehumet
 18049 | Lair:3   | Offered knowledge of Orb of Destruction by Vehumet.
 18050 | Lair:3   | Reached skill level 14 in Ice Magic
 18420 | Lair:3   | Found a staircase to the Snake Pit.
 18991 | Lair:4   | Reached skill level 5 in Transmutations
 19579 | Lair:4   | Found a staircase to the Slime Pits.
 19725 | Lair:4   | Learned a level 6 spell: Statue Form
 19826 | Lair:4   | Reached skill level 5 in Poison Magic
 20033 | Lair:5   | Entered Level 5 of the Lair of Beasts
 20507 | Lair:5   | Identified the +0 scale mail "Zathis" {SInv}
 20522 | Lair:5   | Noticed a quicksilver ooze
 20531 | Lair:5   | Killed a quicksilver ooze
 20532 | Lair:5   | Reached XP level 14. HP: 100/115 MP: 11/28
 20737 | Lair:5   | Reached skill level 15 in Ice Magic
 21098 | Lair:5   | Offered knowledge of Iron Shot by Vehumet.
 21587 | Lair:5   | Noticed a dire elephant
 21864 | Lair:5   | Noticed a dire elephant
 21864 | Lair:5   | Noticed a dire elephant
 21956 | Lair:5   | Noticed a dire elephant
 22183 | Orc:1    | Entered Level 1 of the Orcish Mines
 22584 | Orc:2    | Entered Level 2 of the Orcish Mines
 22770 | Orc:2    | Offered knowledge of Starburst by Vehumet.
 22812 | Orc:2    | Found a staircase to the Elven Halls.
 22878 | Orc:2    | Noticed an orc warlord
 22889 | Orc:2    | Killed an orc warlord
 22898 | Orc:2    | HP: 2/118 [orc knight/+0 great sword (28)]
 22900 | Orc:2    | Killed from afar by an orc high priest

Illustrated notes

Levels and vault maps discovered:
D:1:      minmay_arrival_four_circles, layout_loops_cross, st_stairs_14,
          hangedman_decor_slide_cut, minmay_pentomino_u2
D:2:      kennysheep_six_static_rooms, layout_loops_ring, basic_altar,
          minmay_tripent
D:3:      layout_basic
D:4:      layout_basic, nicolae_ru_great_annihilating_truth,
          gammafunk_ghost_icy, hangedman_decor_points, uniq_sigmund, uniq_ijyb,
          uniq_natasha
D:5:      layout_layer_cave, gup_sewer_entry_glass
D:6:      layout_basic, nicolae_overflow_crystal_walls,
          minmay_temple_entry_mini_moons, hangedman_abyss_or_decor_slice,
          nicolae_elevator_lobby_asterisk
D:7:      layout_basic
D:8:      layout_loops_ring, mainiacjoe_overflow_boulevard,
          kennysheep_slug_shrine, grunt_decor_resistance, uniq_joseph
D:9:      layout_long_grid, mainiacjoe_overflow_divided_tiny,
          gammafunk_ghost_necromancy, minmay_statue_bubble
D:10:     layout_roguey, orc_0_dummy
D:11:     layout_basic, lair_entry_dummy, minivault_25,
          nicolae_yredelemnul_corpse_copse
Temple:   nicolae_temple_elliptical
Lair:1:   kb_forest_paths, layout_gridlike, minmay_shattered_shrine, uniq_grum,
          uniq_fannar
Lair:2:   layout_cave_pods, skrybe_swamp_entry_bodies, special_room
          [special_room_bee]
Lair:3:   cheibrodos_lair_overgrown_chateau, layout_gridlike,
          nicolae_snake_entry_squirm
Lair:4:   layout_hall_layers, slime_entry_1, st_stairs_9
Lair:5:   due_jungle_book, layout_small_grid, nicolae_lair_time_for_slime,
          serial_bayou_shore_a, grunt_megastairs_5
Orc:1:    layout_caves
Orc:2:    st_orc_congregation, layout_caves, minmay_orc_temple_b

Skill      XL: |  1  2  3  4  5  6  7  8  9 10 11 12 13 14 |
---------------+-------------------------------------------+-----
Fighting       | 1 2 3 4 5 6 8 9 11 12 13 | 13.1
Ice Magic      | 5 6 7 8 9 10 12 13 14 15 | 15.7
Spellcasting   | 3 4 5 6 7 8 9 10 | 10.0
Dodging        | 6 8 11 12 | 12.0
Transmutations | 1 6 8 |  8.9
Poison Magic   | 1 6 8 |  8.1
Conjurations   | 2 |  2.0
Fire Magic     | 4 |  4.0
Stealth        | |  2.1

Action                     |  1- 3 |  4- 6 |  7- 9 | 10-12 | 13-15 || total
---------------------------+-------+-------+-------+-------+-------++-------
  Melee: Unarmed           |     1 |       |       |       |       ||     1
         Club              |    19 |       |       |       |       ||    19
         Whip              |    18 |    56 |   150 |       |       ||   224
         Punch             |     1 |     1 |     1 |    10 |     4 ||    17
         Dagger            |       |       |    73 |   568 |   257 ||   898
         Tailslap          |       |       |     3 |     1 |     1 ||     5
   Cast: Freeze            |    56 |    21 |    50 |    73 |   103 ||   303
         Frozen Ramparts   |       |     7 |    44 |    74 |    81 ||   206
         Ozocubu's Armour  |       |     4 |    36 |    79 |    66 ||   185
         Olgreb's Toxic Ra |       |       |       |       |    52 ||    52
         Ignite Poison     |       |       |       |       |    15 ||    15
    Use: Potion            |       |     8 |       |     1 |       ||     9
         Scroll            |       |       |    14 |     3 |     4 ||    21
   Stab: Sleeping          |     1 |     2 |     2 |       |       ||     5
         Paralysed         |       |       |     2 |       |       ||     2
 Armour: Robe              |    12 |    16 |    68 |   352 |   172 ||   620
         Skin              |       |    12 |       |       |       ||    12
  Dodge: Dodged            |    60 |    40 |   186 |   652 |   432 ||  1370
